 Dungeon Crawl Stone Soup version 0.29-a0-330-g52719c12eb (webtiles) character file.

Game seed: 17736706348724243968

182 Aelig the Sneak (level 5, -6/30 HPs)
             Began as a Kobold Brigand on Apr 25, 2022.
             Mangled by Duvessa
             ... wielding a +0 rapier
              (14 damage)
             ... on level 3 of the Dungeon.
             The game lasted 00:06:47 (2819 turns).

Aelig the Sneak (Kobold Brigand)                    Turns: 2819, Time: 00:06:47

Health: -6/30      AC:  7    Str: 10    XL:     5   Next: 93%
Magic:  5/5        EV: 10    Int: 13    God:
Gold:   151        SH:  0    Dex: 16    Spells: 4/4 levels left

rFire   . . .      SeeInvis .   b - +0 dagger (venom)
rCold   . . .      Faith    .   (no shield)
rNeg    . . .      Spirit   .   i - +0 scale mail
rPois   .          Reflect  .   (no helmet)
rElec   .          Harm     .   c - +0 cloak
rCorr   .          Rampage  .   (no gloves)
Will    .....                   (no boots)
Stlth   +++.......              (no amulet)
HPRegen 0.10/turn               (no ring)
MPRegen 0.09/turn               (no ring)

@: hasted, very quick
A: small, no large weapons, nightstalker 3
a: no special abilities


You were on level 3 of the Dungeon.
You visited 1 branch of the dungeon, and saw 4 of its levels.

You collected 151 gold pieces.

Inventory:

Hand Weapons
 a - a +2 dagger
 b - a +0 dagger of venom (weapon)
Missiles
 d - 5 poisoned darts
 e - 2 curare-tipped darts
 f - 168 stones (quivered)
 h - 4 silver boomerangs
 p - a boomerang
Armour
 c - a +0 cloak (worn)
 i - a +0 scale mail (worn)
Potions
 j - a potion of berserk rage {unknown}
 k - a potion of invisibility {unknown}
 l - a potion of curing {unknown}
 m - a potion of degeneration {unknown}
 n - a potion of mutation {unknown}
 o - a potion of lignification {unknown}
 q - a potion of brilliance {unknown}


   Skills:
 - Level 2.1 Fighting
 + Level 4.7 Short Blades
 * Level 5.2 Throwing
 - Level 1.2 Dodging
 - Level 5.3 Stealth


You had 4 spell levels left.
You didn't know any spells.
Your spell library contained the following spells:

 Spells                   Type           Power      Damage    Failure   Level
 Cause Fear               Hex            0%         N/A       100%        4
 Dragon Form              Tmut           0%         N/A       100%        7
 Dragon's Call            Summ           0%         N/A       100%        9


Dungeon Overview and Level Annotations

Branches:
Dungeon (4/15)
 Temple: D:4-7

Altars:

Annotations:
D:3 Duvessa
D:4 Eustachio


Innate Abilities, Weirdness & Mutations

You are small and have problems with some larger weapons.
You are completely attuned to the shadows.


Message History

You throw a poisoned dart. The poisoned dart barely misses Dowan.
Throw: 9 darts (poison)
Press: ? - help, Shift-Dir - straight line, f/p - Dowan
Aim: Dowan, wielding a +0 dagger and wearing a +1 robe of fire resistance (heavily wounded, extremely poisoned, slow, 53% to hit)
You throw a poisoned dart. The poisoned dart hits Dowan.
Dowan looks as sick as possible!
Dowan is heavily wounded.
Eustachio the Magnificent comes into view.
He is wielding a +0 antimagic falchion.
Throw: 8 darts (poison)
Press: ? - help, Shift-Dir - straight line, f/p - Dowan
Aim: Dowan, wielding a +0 dagger and wearing a +1 robe of fire resistance (severely wounded, extremely poisoned, slow, 53% to hit)
You throw a poisoned dart. The poisoned dart hits Dowan.
Dowan looks as sick as possible!
Dowan is severely wounded.
Dowan gestures at you while chanting. The puff of frost hits you.
Eustachio calls on the powers of shadow!
Eustachio casts a spell.
Eustachio blinks!
Throw: 7 darts (poison)
Press: ? - help, Shift-Dir - straight line, f - Duvessa, p - Dowan
Aim: Duvessa, wielding a +0 rapier and wearing a +0 leather armour (66% to hit)
You throw a poisoned dart.
The poisoned dart barely misses Duvessa.
Throw: 6 darts (poison)
Press: ? - help, Shift-Dir - straight line, f/p - Duvessa
Aim: Duvessa, wielding a +0 rapier and wearing a +0 leather armour (66% to hit)
You throw a poisoned dart.
The poisoned dart closely misses Duvessa.
You kill Dowan!
Duvessa screams, "No!
How DARE you!"
Duvessa goes berserk!
Duvessa hits you with a +0 rapier!
Your Throwing skill increases to level 5!
You climb upwards.
There is a stone staircase leading down here.
You feel yourself speed up. Duvessa hits you with a +0 rapier!
* * * LOW HITPOINT WARNING * * *
Duvessa barely misses you. Duvessa attacks as you move away!
Duvessa hits you with a +0 rapier!
You die...

.# ###.......#.#.#.#### #..## .#
#.........#.....## #.##
.###.##.....####....### ###.#
.##..##.....######....#####.#.# #
.##.########.............)..#.# #
.##.# #............)##)#.# #
.##.# #.......#......)...###
.##.# ######.......##.#.###......
.##.###.........@e...............
.#..............[......##..#)....
...#########.......##..##......##
...# #.......##..........## ...#
#.......###.#.......## ...#
######### #......##.## ...#
##..#......# ...# ##....#....
...# #....##...


You could see Duvessa (berserk).

Vanquished Creatures
  Dowan (D:4)
  An orc priest (D:3)
  A gnoll (D:1)
  4 adders
  7 orcs (D:3)
  4 endoplasms
  A giant cockroach (D:1)
  6 goblins
  2 jackals (D:3)
  4 kobolds
  4 quokkas
  9 ball pythons
  2 bats
  2 frilled lizards (D:2)
  4 rats
52 creatures vanquished.

Notes
Turn   | Place    | Note
-------+----------+-------------------------------------------
     0 | D:1      | Aelig the Kobold Brigand began the quest for the Orb.
     0 | D:1      | Reached XP level 1. HP: 12/12 MP: 1/1
   326 | D:1      | Reached XP level 2. HP: 4/17 MP: 2/2
   703 | D:1      | Reached XP level 3. HP: 21/21 MP: 3/3
  1249 | D:2      | Reached XP level 4. HP: 26/26 MP: 4/4
  1502 | D:2      | Found a faded altar of an unknown god.
  2388 | D:3      | Reached XP level 5. HP: 24/30 MP: 5/5
  2807 | D:4      | Noticed Dowan
  2810 | D:4      | Noticed Duvessa
  2812 | D:4      | Noticed Eustachio
  2816 | D:4      | Killed Dowan
  2817 | D:4      | Reached skill level 5 in Throwing
  2819 | D:3      | Mangled by Duvessa

Illustrated notes

Levels and vault maps discovered:
D:1:      dpeg_arrival_renting, layout_rooms
D:2:      layout_rooms, ebering_ecumenical_altar_petrified, grunt_ministairs_14
D:3:      layout_rooms, minmay_surrounded
D:4:      layout_rooms, old_standard_altar, kennysheep_cross_room,
          wad_floor_pattern_1, minmay_divided_ellipse, uniq_natasha,
          uniq_duvessa, uniq_eustachio

Skill      XL: |  1  2  3  4  5 |
---------------+----------------+-----
Short Blades   | 3 4 |  4.7
Throwing       | 3 4 5 |  5.2
Fighting       | |  2.1
Dodging        | |  1.2
Stealth        | |  5.3

Action                   |  1- 3 |  4- 6 || total
-------------------------+-------+-------++-------
Melee: Dagger            |    45 |    73 ||   118
Throw: Dart              |     1 |    17 ||    18
       Stone             |     9 |     5 ||    14
  Use: Scroll            |       |     2 ||     2
       Potion            |       |     1 ||     1
 Stab: Sleeping          |    10 |     7 ||    17
Armor: Robe              |     1 |       ||     1
       Scale mail        |     6 |    21 ||    27
Dodge: Dodged            |    21 |    31 ||    52

Table legend: (Time is in decaauts)
 A = Elapsed time spent in this place.
 B = Non-inter-level travel time spent in this place.
 C = Inter-level travel time spent in this place.
 D = Time resting spent in this place.
 E = Time spent auto-exploring this place.
 F = Levels seen in this place.
 G = Mean time per level.
                   A        B        C        D        E       F      G
               +--------+--------+--------+--------+--------+-----+--------+
         Total |   2795 |   2711 |     84 |    824 |   1332 |   4 |  698.8 |
       Dungeon |   2795 |   2711 |     84 |    824 |   1332 |   4 |  698.8 |
               +--------+--------+--------+--------+--------+-----+--------+

Top non-repeatable levels by time:
     D:1: 1043 daAuts
     D:2: 980 daAuts
     D:3: 749 daAuts
     D:4: 22 daAuts
